SAAA
PLYMOUTH ROCKS @ PAWNEE PARKSNREC
09/02/2038
 
TOP OF THE 1ST
Plymouth Rocks batting - Pitching for Pawnee ParksNRec : LHP Manuel Paílla
Pitching: LHP Manuel Paílla
Batting: LHB Tillmam Cru 0-0: Called Strike
0-1: Ball
1-1: Ball
2-1: Foul Ball, location: 2F
2-2: Ball
3-2: Fly out, F8 (Flyball, 8RS, EV 91.9 MPH)
Batting: RHB Noel Peterson 0-0: Called Strike
0-1: Ball
1-1: Fly out, F7 (Flyball, 7, EV 73.8 MPH)
Batting: SHB Javier Murillo 0-0: Called Strike
0-1: Swinging Strike
0-2: Ball
1-2: Ball
2-2: Foul Ball, location: 2F
2-2: Foul Ball, location: 2F
2-2: Foul Ball, location: 2F
2-2: Fly out, F9 (Line Drive, 9D, EV 90.0 MPH)
Top of the 1st over - 0 runs, 0 hits, 0 errors, 0 left on base; Plymouth 0 - Pawnee 0
BOTTOM OF THE 1ST
Pawnee ParksNRec batting - Pitching for Plymouth Rocks : LHP Ricardo Fraga
Pitching: LHP Ricardo Fraga
Batting: RHB Chip Mullaney 0-0: Fly out, F8 (Flyball, 8RM, EV 88.1 MPH)
Batting: RHB Josh Mawdesley 0-0: Ball
1-0: Ball
2-0: Called Strike
2-1: Ball
3-1: Base on Balls
Batting: RHB Francisco Alhama 0-0: Called Strike
0-1: Swinging Strike
0-2: DOUBLE (Flyball, 89XD, EV 112.5 MPH)
Josh Mawdesley to third
Batting: RHB Dan Vanblarcom 0-0: Called Strike
0-1: SINGLE (Flyball, 9LS, EV 93.1 MPH)
Josh Mawdesley scores
Francisco Alhama to third
Batting: LHB Silas Givens 0-0: Swinging Strike
0-1: Fly out, F8 (Flyball, 78D, EV 85.0 MPH)
Runner from 3rd tags up, SCORES, throw by CF
Batting: RHB Layton Arntsen 0-0: Called Strike
0-1: Ball
1-1: Ball
2-1: Foul Ball, location: 2F
2-2: Ball
3-2: Foul Ball, location: 2F
3-2: Foul Ball, location: 2F
3-2: Foul Ball, location: 2F
3-2: Foul Ball, location: 2F
3-2: Foul Ball, location: 2F
3-2: Strikes out looking
Bottom of the 1st over - 2 runs, 2 hits, 0 errors, 1 left on base; Plymouth 0 - Pawnee 2
TOP OF THE 2ND
Plymouth Rocks batting - Pitching for Pawnee ParksNRec : LHP Manuel Paílla
Batting: RHB Alejandro Ramírez 0-0: Ball
1-0: Foul Ball, location: 2F
1-1: Ball
2-1: Swinging Strike
2-2: Foul Ball, location: 2F
2-2: Ball
3-2: Strikes out looking
Batting: LHB Marvello Obra 0-0: Ground out 4-3 (Groundball, 4, EV 101.2 MPH)
Batting: LHB Jesús Guillén 0-0: SINGLE (Groundball, 6D, EV 102.5 MPH)
Batting: RHB Lex van Esch 0-0: Ball
1-0: Ball
2-0: Ball
3-0: Called Strike
3-1: Called Strike
3-2: Fly out, F8 (Flyball, 8RS, EV 89.4 MPH)
Top of the 2nd over - 0 runs, 1 hit, 0 errors, 1 left on base; Plymouth 0 - Pawnee 2
BOTTOM OF THE 2ND
Pawnee ParksNRec batting - Pitching for Plymouth Rocks : LHP Ricardo Fraga
Batting: RHB Robin Colwill 0-0: Called Strike
0-1: Ground out 3-1 (Groundball, 34, EV 76.2 MPH)
Batting: RHB Fletcher Megarity 0-0: Called Strike
0-1: Ball
1-1: Foul Ball, location: 2F
1-2: Foul Ball, location: 2F
1-2: Foul Ball, location: 2F
1-2: Ball
2-2: Foul Ball, location: 2F
2-2: Ball
3-2: Base on Balls
Batting: RHB John Fitzgerald 0-0: Ball
1-0: Ball
2-0: Ball
3-0: Base on Balls
Fletcher Megarity to second
Batting: RHB Chip Mullaney 0-0: Ball
1-0: Foul Ball, location: 2F
1-1: Foul Ball, location: 2F
1-2: Ball
2-2: Strikes out looking
Batting: RHB Josh Mawdesley 0-0: Ball
1-0: Ball
2-0: Called Strike
2-1: Foul Ball, location: 2F
2-2: Ball
3-2: SINGLE (Line Drive, 7S, EV 86.9 MPH)
Fletcher Megarity to third
John Fitzgerald to second
Fletcher Megarity scores
John Fitzgerald to third
Batting: RHB Francisco Alhama 0-0: Called Strike
0-1: Fly out, F8 (Line Drive, 8RM, EV 92.5 MPH)
Bottom of the 2nd over - 1 run, 1 hit, 0 errors, 2 left on base; Plymouth 0 - Pawnee 3
TOP OF THE 3RD
Plymouth Rocks batting - Pitching for Pawnee ParksNRec : LHP Manuel Paílla
Batting: RHB Tabor de Maria 0-0: Fly out, F8 (Flyball, 8RD, EV 103.1 MPH)
Batting: RHB António Avery 0-0: Ball
1-0: Called Strike
1-1: Ground out 5-3 (Groundball, 56, EV 81.9 MPH)
Batting: LHB Tillmam Cru 0-0: Called Strike
0-1: Foul Ball, location: 2F
0-2: Ball
1-2: Fly out, F3 (Popup, 3S, EV 60.0 MPH)
Top of the 3rd over - 0 runs, 0 hits, 0 errors, 0 left on base; Plymouth 0 - Pawnee 3
BOTTOM OF THE 3RD
Pawnee ParksNRec batting - Pitching for Plymouth Rocks : LHP Ricardo Fraga
Batting: RHB Dan Vanblarcom 0-0: Fly out, F8 (Flyball, 8LM, EV 96.9 MPH)
Batting: LHB Silas Givens 0-0: Ground out 5-3 (Groundball, 5, EV 103.1 MPH)
Batting: RHB Layton Arntsen 0-0: Reached on error, E7 (Line Drive, 7, EV 94.4 MPH)
Batting: RHB Robin Colwill 0-0: Foul Ball, location: 2F
0-1: Fly out, F9 (Flyball, 9S, EV 91.2 MPH)
Bottom of the 3rd over - 0 runs, 0 hits, 1 error, 1 left on base; Plymouth 0 - Pawnee 3
TOP OF THE 4TH
Plymouth Rocks batting - Pitching for Pawnee ParksNRec : LHP Manuel Paílla
Batting: RHB Noel Peterson 0-0: DOUBLE (Line Drive, 89M, EV 105.6 MPH)
Batting: SHB Javier Murillo 0-0: DOUBLE (Groundball, 5L, EV 105.6 MPH)
Noel Peterson scores
Batting: RHB Alejandro Ramírez 0-0: Called Strike
0-1: 2-RUN HOME RUN (Flyball, 78XD, EV 109.4 MPH), Distance : 431 ft
Batting: LHB Marvello Obra 0-0: Called Strike
0-1: Foul Ball, location: 2F
0-2: Ball
1-2: Ball
2-2: Foul Ball, location: 2F
2-2: Ball
3-2: Foul Ball, location: 2F
3-2: Strikes out looking
Batting: LHB Jesús Guillén 0-0: Called Strike
0-1: Ball
1-1: Fly out, F8 (Flyball, 8LS, EV 83.8 MPH)
Batting: RHB Lex van Esch 0-0: Called Strike
0-1: Foul Ball, location: 2F
0-2: Foul Ball, location: 2F
0-2: Fly out, F8 (Flyball, 8RS, EV 88.8 MPH)
Top of the 4th over - 3 runs, 3 hits, 0 errors, 0 left on base; Plymouth 3 - Pawnee 3
BOTTOM OF THE 4TH
Pawnee ParksNRec batting - Pitching for Plymouth Rocks : LHP Ricardo Fraga
Batting: RHB Fletcher Megarity 0-0: Swinging Strike
0-1: SOLO HOME RUN (Flyball, 7D, EV 93.1 MPH), Distance : 385 ft
Batting: RHB John Fitzgerald 0-0: Ball
1-0: Called Strike
1-1: Ball
2-1: Ball
3-1: Ground out 6-3 (Groundball, 6, EV 105.6 MPH)
Batting: RHB Chip Mullaney 0-0: Called Strike
0-1: SINGLE (Flyball, 89S, EV 91.9 MPH)
Batting: RHB Josh Mawdesley 0-0: Ball
1-0: Ball
2-0: SINGLE (Groundball, 5D, EV 109.4 MPH)
Chip Mullaney to second
Batting: RHB Francisco Alhama 0-0: Ball
1-0: Ball
2-0: Fly out, F6 (Flyball, 56D, EV 91.2 MPH)
Batting: RHB Dan Vanblarcom 0-0: Swinging Strike
0-1: Ground out 6-3 (Groundball, 6MD, EV 95.0 MPH)
Bottom of the 4th over - 1 run, 3 hits, 0 errors, 2 left on base; Plymouth 3 - Pawnee 4
TOP OF THE 5TH
Plymouth Rocks batting - Pitching for Pawnee ParksNRec : LHP Manuel Paílla
Batting: RHB Tabor de Maria 0-0: Ball
1-0: Ball
2-0: Called Strike
2-1: Foul Ball, location: 2F
2-2: Strikes out swinging
Batting: RHB António Avery 0-0: Called Strike
0-1: Called Strike
0-2: Strikes out looking
Batting: LHB Tillmam Cru 0-0: Ball
1-0: Foul Ball, location: 2F
1-1: Called Strike
1-2: Strikes out swinging
Top of the 5th over - 0 runs, 0 hits, 0 errors, 0 left on base; Plymouth 3 - Pawnee 4
BOTTOM OF THE 5TH
Pawnee ParksNRec batting - Pitching for Plymouth Rocks : LHP Ricardo Fraga
Batting: LHB Silas Givens 0-0: Ball
1-0: Ball
2-0: Called Strike
2-1: Foul Ball, location: 2F
2-2: Foul Ball, location: 9LSF, Error on foul ball, E9
2-2: Ball
3-2: Base on Balls
Batting: RHB Layton Arntsen 0-0: Called Strike
0-1: Fly out, F8 (Flyball, 8LM, EV 85.0 MPH)
Batting: RHB Robin Colwill 0-0: Ball
1-0: Ball
2-0: Foul Ball, location: 2F
2-1: Ball
3-1: Base on Balls
Silas Givens to second
Batting: RHB Fletcher Megarity 0-0: Fly out, F8 (Flyball, 8RD, EV 106.9 MPH)
Batting: RHB John Fitzgerald 0-0: Ball
1-0: Ball
2-0: Called Strike
2-1: Fly out, F8 (Flyball, 8LM, EV 94.4 MPH)
Bottom of the 5th over - 0 runs, 0 hits, 1 error, 2 left on base; Plymouth 3 - Pawnee 4
TOP OF THE 6TH
Plymouth Rocks batting - Pitching for Pawnee ParksNRec : LHP Manuel Paílla
Batting: RHB Noel Peterson 0-0: Ground out 2-3 (Groundball, 15S, EV 66.9 MPH)
Batting: SHB Javier Murillo 0-0: Swinging Strike
0-1: Ball
1-1: Foul Ball, location: 2F
1-2: Ball
2-2: Fly out, F8 (Flyball, 8LS, EV 88.8 MPH)
Batting: RHB Alejandro Ramírez 0-0: Ball
1-0: Swinging Strike
1-1: Foul Ball, location: 2F
1-2: Strikes out swinging
Top of the 6th over - 0 runs, 0 hits, 0 errors, 0 left on base; Plymouth 3 - Pawnee 4
BOTTOM OF THE 6TH
Pawnee ParksNRec batting - Pitching for Plymouth Rocks : LHP Ricardo Fraga
Batting: RHB Chip Mullaney 0-0: Ground out 6-3 (Groundball, 6MS, EV 86.9 MPH)
Batting: RHB Josh Mawdesley 0-0: Swinging Strike
0-1: Ground out U3 (Groundball, 3S, EV 71.2 MPH)
Batting: RHB Francisco Alhama 0-0: Ball
1-0: Fly out, F8 (Flyball, 8RXD, EV 100.0 MPH)
Bottom of the 6th over - 0 runs, 0 hits, 0 errors, 0 left on base; Plymouth 3 - Pawnee 4
TOP OF THE 7TH
Plymouth Rocks batting - Pitching for Pawnee ParksNRec : LHP Manuel Paílla
Batting: LHB Marvello Obra 0-0: Called Strike
0-1: Ball
1-1: Swinging Strike
1-2: Ball
2-2: Foul Ball, location: 2F
2-2: Strikes out swinging
Batting: LHB Jesús Guillén 0-0: Called Strike
0-1: Ball
1-1: Called Strike
1-2: Foul Ball, location: 2F
1-2: Foul Ball, location: 2F
1-2: Strikes out looking
Batting: RHB Lex van Esch 0-0: Called Strike
0-1: Swinging Strike
0-2: Strikes out looking
Top of the 7th over - 0 runs, 0 hits, 0 errors, 0 left on base; Plymouth 3 - Pawnee 4
BOTTOM OF THE 7TH
Pawnee ParksNRec batting - Pitching for Plymouth Rocks : LHP Ricardo Fraga
Batting: RHB Dan Vanblarcom 0-0: Called Strike
0-1: Ball
1-1: Swinging Strike
1-2: Foul Ball, location: 2F
1-2: Ball
2-2: Ground out 5-3 (Groundball, 5, EV 110.0 MPH)
Batting: LHB Silas Givens 0-0: Ball
1-0: Ball
2-0: Ball
3-0: Base on Balls
Pitching: RHP Tim Nesheim
Batting: RHB Layton Arntsen 0-0: Called Strike
Silas Givens steals 2nd base
0-1: Ball
1-1: Ball
2-1: Foul Ball, location: 2F
2-2: SINGLE (Groundball, 56, EV 95.6 MPH)
Silas Givens to third
Runner from 3rd tries for Home, SAFE, throw by LF to home
Layton Arntsen to second
Batting: RHB Robin Colwill 0-0: Called Strike
0-1: Ground out 6-3 (Groundball, 6, EV 97.5 MPH)
Batting: RHB Fletcher Megarity 0-0: Called Strike
0-1: Ball
1-1: Foul Ball, location: 2F
1-2: Ground out 6-3 (Groundball, 6, EV 106.9 MPH)
Bottom of the 7th over - 1 run, 1 hit, 0 errors, 1 left on base; Plymouth 3 - Pawnee 5
TOP OF THE 8TH
Plymouth Rocks batting - Pitching for Pawnee ParksNRec : LHP Manuel Paílla
Batting: RHB Tabor de Maria 0-0: Called Strike
0-1: Ball
1-1: Foul Ball, location: 2F
1-2: Ball
2-2: Foul Ball, location: 2F
2-2: Strikes out swinging
Batting: RHB António Avery 0-0: Ball
1-0: Called Strike
1-1: Ball
2-1: Ball
3-1: Swinging Strike
3-2: Foul Ball, location: 2F
3-2: Foul Ball, location: 2F
3-2: Strikes out looking
Pitching: RHP Josip Primorac
Batting: LHB Tillmam Cru 0-0: Ball
1-0: Ball
2-0: Called Strike
2-1: Ball
3-1: Base on Balls
Batting: RHB Noel Peterson 0-0: Ball
1-0: Fly out, F4 (Popup, 34, EV 70.6 MPH)
Top of the 8th over - 0 runs, 0 hits, 0 errors, 1 left on base; Plymouth 3 - Pawnee 5
BOTTOM OF THE 8TH
Pawnee ParksNRec batting - Pitching for Plymouth Rocks : RHP Tim Nesheim
Batting: RHB John Fitzgerald 0-0: Ball
1-0: Ground out 5-3 (Groundball, 56, EV 77.5 MPH)
Batting: RHB Chip Mullaney 0-0: Called Strike
0-1: Ball
1-1: Ball
2-1: SINGLE (Line Drive, 7S, EV 104.4 MPH)
Batting: RHB Josh Mawdesley 0-0: Called Strike
0-1: Swinging Strike
0-2: Ball
1-2: Foul Ball, location: 2F
1-2: Ball
2-2: Foul Ball, location: 2F
2-2: Fly out, F4 (Flyball, 3D, EV 85.6 MPH)
Batting: RHB Francisco Alhama 0-0: Ball
1-0: Ball
2-0: Called Strike
2-1: Fly out, F7 (Flyball, 7S, EV 89.4 MPH)
Bottom of the 8th over - 0 runs, 1 hit, 0 errors, 1 left on base; Plymouth 3 - Pawnee 5
TOP OF THE 9TH
Plymouth Rocks batting - Pitching for Pawnee ParksNRec : RHP Josip Primorac
Pitching: RHP Milton Mathews
Now at 3B: Ashton Bailey
Batting: SHB Javier Murillo 0-0: Fly out, F8 (Flyball, 8RM, EV 92.5 MPH)
Batting: RHB Alejandro Ramírez 0-0: Foul Ball, location: 2F
0-1: Called Strike
0-2: Ball
1-2: Ball
2-2: Fly out, F9 (Flyball, 9S, EV 91.9 MPH)
Batting: LHB Marvello Obra 0-0: Called Strike
0-1: Ball
1-1: Swinging Strike
1-2: Ball
2-2: Foul Ball, location: 2F
2-2: Strikes out looking
Top of the 9th over - 0 runs, 0 hits, 0 errors, 0 left on base; Plymouth 3 - Pawnee 5
Friday, April 17th, 2020 - OOTP Baseball 20.8 Build 74